 Dungeon Crawl Stone Soup version 0.29.1-1-gd02db6906a (webtiles) character file.

Game seed: 1890945125005034448

110790 Godmorgon the Warrior (level 17, -15/139 HPs)
             Began as a Djinni Ice Elementalist on Oct 3, 2022.
             Was the Champion of Makhleb.
             Demolished by an orc knight
             ... wielding a +0 bardiche
              (38 damage)
             ... on level 2 of the Orcish Mines on Oct 4, 2022.
             The game lasted 03:23:24 (28521 turns).

Godmorgon the Warrior (Djinni Ice Elementalist)    Turns: 28521, Time: 03:23:24

Health: -15/139    AC: 16    Str: 12    XL:     17   Next: 11%
Gold:   2493       EV: 21    Int: 33    God:    Makhleb [******] SH:  5 Dex: 14

rFire   + + .      SeeInvis .   a - +12 hammer of Dedaudug {vorpal, Str+5 Int+4 Stlth+}
rCold   + . .      Faith    .   W - +0 buckler of Nostal {rElec rC++ Int-2}
rNeg    . . .      Spirit   .   l - +0 acid dragon scales
rPois   ∞          Reflect  .   H - +2 hat
rElec   +          Harm     .   E - +1 cloak
rCorr   +          Rampage  .   p - +2 pair of gloves
Will    +....                   (boots unavailable)
Stlth   ++........              (no amulet)
HPRegen 0.33/turn               F - ring of the Hare {EV+8}
MPRegen 0.00/turn               Q - +6 ring of intelligence

@: flying
A: sickness immunity, fire resistance 2, cold vulnerability 1, float, innate
caster, HP casting, extra vitality 1
a: Renounce Religion, Minor Destruction, Lesser Servant of Makhleb, Major
Destruction, Greater Servant of Makhleb


You were on level 2 of the Orcish Mines.
You worshipped Makhleb.
Makhleb was exalted by your worship.
You visited 4 branches of the dungeon, and saw 23 of its levels.
You also visited: Bailey.

You collected 2697 gold pieces.
You spent 204 gold pieces at shops.

Inventory:

Hand Weapons
 a - the +12 hammer of Dedaudug (weapon) {vorpal, Str+5 Int+4 Stlth+}
   (You found it on level 2 of the Dungeon)

   It inflicts extra damage upon your enemies.
   Str:       It affects your strength (+5).
   Int:       It affects your intelligence (+4).
   Stlth:     It makes you more stealthy.
 c - the +6 broad axe of the Past {flame, rCorr Dex+2}
   (You found it on level 6 of the Dungeon)

   It burns those it strikes, dealing additional fire damage.
   Big, fiery blades are also staple armaments of hydra-hunters.
   Dex:       It affects your dexterity (+2).
   rCorr:     It protects you from acid and corrosion.
Missiles
 f - 6 atropa-tipped darts (quivered)
 i - 3 silver boomerangs
 w - 22 boomerangs
 B - 12 throwing nets
 R - 6 boomerangs of dispersal
Armour
 l - +0 acid dragon scales (worn)
 p - a +2 pair of gloves (worn)
 E - a +1 cloak (worn)
 H - a +2 hat (worn)
 W - the +0 buckler of Nostal (worn) {rElec rC++ Int-2}
   (You found it on level 5 of the Lair of Beasts)

   Int:       It affects your intelligence (-2).
   rC:        It greatly protects you from cold.
   rElec:     It insulates you from electricity.
Magical Staves
 b - a staff of cold
Jewellery
 o - a +6 ring of strength
 x - a ring of protection from cold
 F - the ring of the Hare (left hand) {EV+8}
   (You found it on level 5 of the Dungeon)

   [ring of evasion]

   EV:        It affects your evasion (+8).
 Q - a +6 ring of intelligence (right hand)
 Y - an amulet of faith
Wands
 e - a wand of quicksilver (11)
 I - a wand of digging (8)
 X - a wand of iceblast (5)
Scrolls
 d - 7 scrolls of fear
 h - 2 scrolls of silence
 n - 5 scrolls of immolation
 q - 2 scrolls of fog
 t - 4 scrolls of vulnerability
 u - 4 scrolls of teleportation
 v - 5 scrolls of poison
 K - 4 scrolls of magic mapping
Potions
 g - 12 potions of brilliance
 j - 2 potions of heal wounds
 k - 2 potions of flight {unknown}
 m - 13 potions of curing
 y - 3 potions of ambrosia {unknown}
 z - 6 potions of attraction
 A - a potion of resistance {unknown}
 C - 3 potions of haste
 D - 4 potions of cancellation
 M - 7 potions of lignification
 N - 3 potions of might
 O - 2 potions of magic {unknown}
 P - 2 potions of invisibility {unknown}
 S - 3 potions of berserk rage
Miscellaneous
 U - a phial of floods


   Skills:
 * Level 18.3 Fighting
 - Level 7.0 Maces & Flails
 + Level 9.9 Armour
 - Level 5.0 Dodging
 - Level 1.5 Stealth
 - Level 6.4 Shields
 + Level 11.9 Spellcasting
 - Level 10.0 Invocations


You couldn't memorise any spells.
You knew the following spells:

 Your Spells              Type           Power      Damage    Failure   Level
a - Ozocubu's Armour      Ice            78%        N/A       1%          3
b - Death Channel         Necr           39%        N/A       4%          6
c - Orb of Destruction    Conj           39%        9d11      26%         7
f - Freeze                Ice            100%       1d11      1%          1
h - Hailstorm             Conj/Ice       78%        3d16      1%          4
l - Summon Lightning Spi  Summ/Air       78%        N/A       1%          4
m - Manifold Assault      Tloc           78%        N/A       1%          5
p - Petrify               Tmut/Erth      78%        N/A       1%          4
r - Frozen Ramparts       Ice            100%       1d16      1%          3
s - Searing Ray           Conj           100%       2d8       1%          2
t - Teleport Other        Tloc           78%        N/A       1%          3
S - Shock                 Conj/Air       100%       1d9       1%          1
Your spell library was empty.

Dungeon Overview and Level Annotations

Branches:
Dungeon (15/15)            Temple (1/1) D:7            Lair (5/5) D:8
 Shoals (0/4) Lair:3       Spider (0/4) Lair:2        Slime (0/5) Lair:5
    Orc (2/2) D:10            Elf (0/3) Orc:2        Vaults (0/5) D:13
 Depths (0/4) D:15         Bailey (visited)

Altars:
Ashenzari
Cheibriados
Dithmenos
Elyvilon
Fedhas
Gozag
Hepliaklqana
Makhleb
Nemelex Xobeh
Okawaru
Qazlal
Ru
Trog
Uskayaw
Wu Jian
Xom
Yredelemnul
Zin
The Shining One

Shops:
D:10 *   Orc:2 [!!

Annotations:
D:1 digging or Passwall


Innate Abilities, Weirdness & Mutations

You are immune to sickness and miasma.
You are immune to poison.
Your flesh is very heat resistant. (rF++)
You are vulnerable to cold. (rC-)
You float through the air rather than walking.
You learn spells naturally, not from books.
Your magical power is your life essence.
You have superior vitality. (+4 MHP)


Message History

The frozen ramparts melt away.
The orc warrior completely misses you.
An orc knight comes into view. It is wielding a +0 long sword.
The orc knight roars a battlecry!
The orcs go into a battle-frenzy!
You hear a shout!
You hit the orc warrior.
The orc warrior is almost dead.
The orc warrior hits you with a +0 flail!
The orc knight hits you from afar with a +0 bardiche!
* * * LOW HITPOINT WARNING * * *
Your icy armour will break if you move.
Continue?
The orc warrior attacks as you move away!
The orc warrior closely misses you.
Your icy armour cracks and falls away as you move.
Your lightning spire disappears in a puff of smoke!
The orc knight roars a battlecry!
The orc knight goes into a battle-frenzy!
You hear a shout! x2
Casting: Searing Ray (safe; 1% risk of failure)
Confirm with . or Enter, or press ? or * to list all spells.
Okay, then.
A demon appears!
You hear a shout!
The orc warrior hits you with a +0 flail!
* * * LOW HITPOINT WARNING * * *
The orc knight closely misses you.
Your smoke demon closely misses the orc knight.
Your smoke demon hits the orc knight but does no damage. x2
The orc warrior attacks as you move away!
The orc warrior misses you.
The orc warrior attacks as you move away!
The orc warrior completely misses you.
The orc knight hits your smoke demon with a +0 long sword!!
Your smoke demon gestures at the orc knight.
The orc knight is smitten.
There is a stone staircase leading up here.
You block the orc warrior's attack.
The orc knight barely misses your smoke demon.
The orc knight hits you from afar with a +0 bardiche!!!
You die...

......###o##..###.###......))..##
......# #.o.................#.
......# #..#######.###.###..#.
......# #oo# #.# #.# #..#.
......######.3#######.###.###..##
...#....................Z........
#.##...........o..........Z......
...#............o)....)..........
..........##...#@.)..............
..........##....#................
............)..#....#............
........#..)...#....##..........#
....#...##.........##......#....#
..####.####...##...###.#..####.##
.## ### ######...# ###### ### ##
##.## ###


You could see 2 orc knights, 2 orc warriors and a friendly smoke demon
(summoned).

Vanquished Creatures
  Nessos (D:12)
  An ettin (Orc:2)
  A fire dragon (D:14)
  2 vault guards (D:13)
  5 hydras
  An ogre mage (D:14)
  3 boulder beetles
  4 centaur warriors
  4 two-headed ogres (Orc:1)
  8 death yaks
  The ghost of liarliar the Destroyer, a novice DECj of Sif Muna (D:9)
  A swamp dragon (Lair:5)
  2 wizards (D:14)
  2 orc knights (Orc:2)
  3 deep elf pyromancers
  3 ugly things
  4 cyclopes
  A manticore (D:14)
  2 elephants (Lair:3)
  A torpor snail (Lair:4)
  A centaur zombie (D:10)
  2 black mambas (Lair:5)
  Maggie (D:9)
  7 cane toads
  A gargoyle (D:14)
  3 unseen horrors
  6 rime drakes
  A yaktaur (D:15)
  A tengu conjurer (D:14)
  8 komodo dragons
  3 trolls
  A meliai (D:15)
  A wolf spider simulacrum (D:15)
  A merfolk (D:10)
  11 polar bears
  A hornet (D:9)
  7 slime creatures
  7 raiju (Lair:5)
  10 dream sheep
  36 yaks
  2 shadows (D:10)
  2 vampires
  2 humans
  3 wraiths
  4 wyverns
  2 steam dragons (Lair:5)
  3 basilisks
  A hog (shapeshifter) (D:15)
  3 vampire mosquitoes
  Grum (Bailey)
  3 wargs
  An acid dragon (D:10)
  12 water moccasins
  Duvessa (D:7)
  10 hell hounds (Lair:5)
  2 sky beasts
  8 orc warriors
  8 black bears
  6 ogres
  3 ice beasts
  26 wolves
  A boggart (D:14)
  7 centaurs
  2 phantoms (D:4)
  A kobold brigand (D:9)
  3 necrophages
  13 bullfrogs
  8 gnoll sergeants (Bailey)
  3 scorpions
  14 wights
  Dowan (D:7)
  5 killer bees (D:9)
  4 hounds
  4 jellies
  Crazy Yiuf (D:2)
  6 gnoll boudas (Bailey)
  7 orc priests
  4 iguanas
  8 orc wizards
  A human simulacrum (D:10)
  A howler monkey zombie (D:10)
  22 gnolls
  10 adders
  2 shadow imps
  2 white imps (D:6)
  4 worms
  2 dart slugs
  41 orcs
  8 endoplasms
  2 giant cockroaches (D:2)
  11 goblins
  7 hobgoblins
  6 jackals
  5 quokkas
  7 ball pythons
  6 bats
  4 frilled lizards
  17 kobolds
  9 rats
521 creatures vanquished.

Vanquished Creatures (collateral kills)
  Rupert (Orc:2)
  Roxanne (D:14)
  A fire giant (D:15)
  A fire dragon (Lair:5)
  3 boulder beetles
  A vault guard (D:13)
  A rakshasa (D:15)
  A centaur warrior (D:14)
  The ghost of mkat the Summoner, a journeyman DrSu of Vehumet (Lair:1)
  3 hydras
  A dancing weapon (D:9)
  2 two-headed ogres (Orc:2)
  11 death yaks
  8 skeletal warriors
  A deep elf archer (D:13)
  A wizard (D:14)
  6 orc knights
  3 oklob plants (Lair:4)
  A deep elf pyromancer (D:13)
  3 orc sorcerers
  2 ugly things (D:14)
  A manticore (D:15)
  7 cyclopes
  A black mamba (Lair:5)
  An elephant (Lair:3)
  A gargoyle (D:12)
  A torpor snail (Lair:5)
  4 cane toads (Lair:5)
  3 rime drakes
  A yaktaur (D:13)
  6 komodo dragons
  A freezing wraith (D:14)
  2 meliai (D:15)
  2 polar bears (Lair:5)
  A troll (D:11)
  2 slime creatures (D:14)
  2 dream sheep (Lair:3)
  A snapping turtle (Lair:3)
  3 vampires (D:10)
  2 wraiths
  A shadow (D:10)
  10 yaks
  A wyvern (Lair:3)
  2 basilisks
  2 vampire mosquitoes
  9 wargs
  An acid dragon (Lair:5)
  7 water moccasins
  7 black bears
  An ice beast (D:8)
  15 orc warriors
  8 wolves
  A kobold brigand (D:8)
  A scorpion (D:6)
  4 wights (D:8)
  5 orc priests
  A hound (D:6)
  3 iguanas (Lair:5)
  4 orc wizards
  25 orcs
203 creatures vanquished.

Vanquished Creatures (others)
  A human simulacrum (D:10)
  2 bushes
  31 fungi
  80 plants
114 creatures vanquished.

Grand Total: 838 creatures vanquished

Notes
Turn   | Place    | Note
-------+----------+-------------------------------------------
     0 | D:1      | Godmorgon the Djinni Ice Elementalist began the quest for
                  | the Orb.
     0 | D:1      | Godmorgon set off with the following spells memorised:
                  | Freeze, Frozen Ramparts, Ozocubu's Armour, Hailstorm.
     0 | D:1      | Reached XP level 1. HP: 15/15 MP: 0/0
   332 | D:1      | Reached XP level 2. HP: 20/22 MP: 0/0
   710 | D:1      | Reached skill level 1 in Fighting
  1227 | D:2      | Reached XP level 3. HP: 25/27 MP: 0/0
  1227 | D:2      | Learned a level 1 spell: Shock
  1253 | D:2      | Found a faded altar of an unknown god.
  1493 | D:2      | Reached XP level 4. HP: 14/32 MP: 0/0
  1977 | D:2      | Found a runed translucent door.
  1978 | D:2      | Noticed Crazy Yiuf
  2135 | D:2      | Reached skill level 2 in Fighting
  2785 | D:2      | Killed Crazy Yiuf
  2786 | D:2      | Reached XP level 5. HP: 26/38 MP: 0/0
  2786 | D:2      | Learned a level 2 spell: Searing Ray
  2795 | D:2      | Identified the +12 hammer of Dedaudug {vorpal, Str+5 Int+4
                  | Stlth+}
  2932 | D:3      | Found a snail-covered altar of Cheibriados.
  2967 | D:3      | Found a hide-covered altar of Uskayaw.
  3106 | D:3      | Reached skill level 1 in Maces & Flails
  3184 | D:3      | Reached XP level 6. HP: 42/45 MP: 0/0
  3650 | D:4      | Reached skill level 3 in Fighting
  3650 | D:4      | Reached skill level 5 in Spellcasting
  3764 | D:4      | Reached XP level 7. HP: 50/50 MP: 0/0
  3764 | D:4      | Learned a level 3 spell: Teleport Other
  4124 | D:5      | Entered Level 5 of the Dungeon
  4127 | D:5      | Found the ring of the Hare {EV+8}
  4340 | D:5      | Reached skill level 1 in Armour
  4415 | D:5      | Noticed a fire elemental
  4418 | D:5      | Found a stormy altar of Qazlal.
  4419 | D:5      | Noticed an air elemental
  4419 | D:5      | Noticed a water elemental
  4451 | D:5      | Reached skill level 4 in Fighting
  4451 | D:5      | Reached XP level 8. HP: 42/58 MP: 0/0
  4998 | D:5      | Reached skill level 5 in Fighting
  5262 | D:5      | Reached XP level 9. HP: 29/65 MP: 0/0
  5262 | D:5      | Learned a level 4 spell: Summon Lightning Spire
  5621 | D:6      | Reached skill level 6 in Fighting
  5691 | D:6      | Noticed a troll
  5697 | D:6      | Killed a troll
  5698 | D:6      | Reached skill level 5 in Maces & Flails
  5918 | D:6      | Identified the +6 broad axe of the Past {flame, rCorr
                  | Dex+2}
  6058 | D:6      | Reached skill level 5 in Dodging
  6058 | D:6      | Reached XP level 10. HP: 73/73 MP: 0/0
  6226 | D:6      | Reached skill level 7 in Fighting
  6392 | D:6      | Found an opulent altar of Gozag.
  6392 | D:6      | Found a glowing silver altar of Zin.
  6682 | D:7      | Found a burning altar of Makhleb.
  6682 | D:7      | Noticed Duvessa
  6695 | D:7      | Noticed Dowan
  6697 | D:7      | Found a staircase to the Ecumenical Temple.
  6703 | Temple   | Entered the Ecumenical Temple
  6884 | D:7      | Became a worshipper of Makhleb the Destroyer
  6896 | D:7      | Killed Duvessa
  6904 | D:7      | Killed Dowan
  7138 | D:7      | Found a shimmering altar of Xom.
  7140 | D:7      | Found a shimmering altar of Xom.
  7163 | D:7      | Reached skill level 8 in Fighting
  7188 | D:7      | Found a shimmering altar of Xom.
  7188 | D:7      | Found a shimmering altar of Xom.
  7414 | D:7      | Noticed an elephant
  7428 | D:7      | Noticed a salamander
  7428 | D:7      | an elephant changed into a salamander
  7440 | D:7      | Found an iron altar of Okawaru.
  7453 | D:7      | Noticed a faun
  7453 | D:7      | a troll changed into a faun
  7494 | D:7      | Noticed a mana viper
  7501 | D:7      | a salamander changed into a yak
  7563 | D:7      | Noticed a guardian serpent
  7695 | D:8      | Found a staircase to the Lair.
  7714 | D:8      | Reached * piety under Makhleb
  7731 | D:8      | Reached skill level 9 in Fighting
  7863 | D:8      | Reached XP level 11. HP: 84/84 MP: 0/0
  7863 | D:8      | Learned a level 4 spell: Petrify
  8504 | Lair:1   | Entered Level 1 of the Lair of Beasts
  8551 | Lair:1   | Reached skill level 10 in Fighting
  8605 | Lair:1   | Reached skill level 1 in Invocations
  8683 | Lair:1   | Reached ** piety under Makhleb
  9096 | Lair:1   | Found a transporter.
  9097 | Lair:1   | Found a transporter.
  9099 | Lair:1   | Noticed mkat's ghost (journeyman DrSu)
  9102 | Lair:1   | Noticed a five-headed hydra
  9266 | Lair:2   | Found a hole to the Spider Nest.
  9312 | Lair:2   | Found an ornate altar of the Wu Jian Council.
  9525 | Lair:2   | Reached XP level 12. HP: 93/93 MP: 0/0
  9531 | Lair:2   | Reached skill level 11 in Fighting
  9573 | Lair:2   | Noticed a death yak
  9613 | Lair:2   | Noticed a death yak
  9614 | Lair:2   | Noticed a death yak
  9630 | Lair:2   | Killed a death yak
  9657 | Lair:2   | Noticed a death yak
  9657 | Lair:2   | Noticed a death yak
  9664 | Lair:2   | Killed a death yak
  9669 | Lair:2   | Killed a death yak
  9671 | Lair:2   | Killed a death yak
  9672 | Lair:2   | Killed a death yak
  9722 | Lair:2   | Reached skill level 5 in Invocations
  9725 | Lair:2   | Reached skill level 12 in Fighting
  9823 | Lair:2   | Noticed a death yak
  9823 | Lair:2   | Noticed a death yak
  9823 | Lair:2   | Noticed a death yak
  9823 | Lair:2   | Noticed a death yak
  9824 | Lair:2   | Noticed a death yak
  9841 | Lair:2   | Noticed a death yak
  9841 | Lair:2   | Noticed a death yak
  9842 | Lair:2   | Killed a death yak
  9843 | Lair:2   | Noticed a death yak
  9847 | Lair:2   | Noticed a death yak
 10096 | Lair:2   | Killed a death yak
 10128 | Lair:2   | Killed a death yak
 10131 | Lair:2   | Killed a death yak
 10135 | Lair:2   | Killed a death yak
 10137 | Lair:2   | Killed a death yak
 10139 | Lair:2   | Killed a death yak
 10140 | Lair:2   | Reached XP level 13. HP: 27/102 MP: 0/0
 10140 | Lair:2   | Learned a level 5 spell: Manifold Assault
 10170 | Lair:2   | Reached *** piety under Makhleb
 10171 | Lair:2   | Reached skill level 13 in Fighting
 10480 | Lair:3   | Reached skill level 1 in Shields
 10692 | Lair:3   | Found a staircase to the Shoals.
 11086 | Lair:3   | Noticed a seven-headed hydra
 11095 | Lair:3   | Killed a seven-headed hydra
 11450 | Lair:4   | Reached skill level 5 in Shields
 11561 | Lair:4   | Identified the +6 mace "Fatefruic" {flame, Int+4 Dex+4}
 11925 | Lair:4   | Identified the +2 fire dragon scales "Kyrin" {Harm Rampage
                  | Fly rF++ rC- Int-2}
 12156 | Lair:5   | Entered Level 5 of the Lair of Beasts
 12156 | Lair:5   | Found a staircase to the Slime Pits.
 12165 | Lair:5   | Reached **** piety under Makhleb
 12382 | Lair:4   | Reached XP level 14. HP: 45/111 MP: 0/0
 12556 | Lair:5   | Identified the +0 buckler of Nostal {rElec rC++ Int-2}
 12652 | Lair:5   | Reached skill level 14 in Fighting
 12714 | Lair:5   | Reached skill level 10 in Spellcasting
 12773 | Lair:5   | Reached ***** piety under Makhleb
 12778 | Lair:5   | Reached skill level 5 in Armour
 13230 | Lair:5   | Reached skill level 15 in Fighting
 13819 | Lair:1   | Reached XP level 15. HP: 56/120 MP: 0/0
 13819 | Lair:1   | Learned a level 6 spell: Death Channel
 13823 | Lair:1   | Killed mkat's ghost
 14078 | D:9      | Found a flagged portal.
 14099 | Bailey   | Entered a bailey
 14277 | Bailey   | Noticed Grum
 14286 | Bailey   | Killed Grum
 14372 | Bailey   | Reached ****** piety under Makhleb
 14517 | D:9      | Found a sacrificial altar of Ru.
 14594 | D:9      | Noticed Maggie
 14698 | D:9      | Killed Maggie
 15152 | D:9      | Found a runed translucent door.
 15152 | D:9      | Found a shimmering altar of Xom.
 15152 | D:9      | Noticed liarliar's ghost (novice DECj)
 15182 | D:9      | Killed liarliar's ghost
 15508 | D:10     | Entered Level 10 of the Dungeon
 15585 | D:10     | Found Bism's Assorted Antiques.
 15600 | D:10     | Bought a scroll labelled DUANWUWA GYAFETEJ for 34 gold
                  | pieces
 15600 | D:10     | Bought an encrusted garnet ring for 170 gold pieces
 15923 | D:10     | Found a staircase to the Orcish Mines.
 16694 | D:11     | Identified the +1 leather armour of Icoe {Str+6}
 16756 | D:11     | Found a bloodstained altar of Trog.
 17319 | D:12     | Noticed Nessos
 17345 | D:12     | Killed Nessos
 17346 | D:12     | Reached skill level 16 in Fighting
 17350 | D:12     | Reached skill level 10 in Invocations
 17612 | D:12     | Identified the +8 shortbow "Inonucs" {flame, rElec rF+}
 19369 | D:13     | You are sucked into a shaft and drop 2 floors!
 19369 | D:15     | Entered Level 15 of the Dungeon
 20761 | D:14     | Reached XP level 16. HP: 79/129 MP: 0/0
 20941 | D:14     | Found the +5 sword of Power {vorpal}
 20960 | D:14     | Identified the +7 falchion "Tuschod" {antimagic, Int+3}
 21698 | D:14     | Reached skill level 17 in Fighting
 21903 | D:14     | Noticed Roxanne
 22423 | D:14     | Killed Roxanne
 22816 | D:15     | Found a staircase to the Depths.
 22817 | D:15     | Noticed a fire giant
 22832 | D:15     | Killed a fire giant
 25367 | D:13     | Identified the +1 robe "Weh Zeuloo" {rPois Slay+5 Stlth-}
 25411 | D:13     | Found a gate to the Vaults.
 26356 | Orc:1    | Entered Level 1 of the Orcish Mines
 27018 | Orc:2    | Entered Level 2 of the Orcish Mines
 27309 | Orc:2    | Reached skill level 18 in Fighting
 27840 | Orc:2    | Found a staircase to the Elven Halls.
 27913 | Orc:2    | Noticed Rupert
 28015 | Orc:2    | Reached XP level 17. HP: 62/138 MP: 0/0
 28015 | Orc:2    | Learned a level 7 spell: Orb of Destruction
 28430 | Orc:2    | Killed Rupert
 28440 | Orc:2    | Found Plog's Distillery.
 28440 | Orc:2    | Found Ibehuwon's Armour Emporium.
 28446 | Orc:2    | Found Akedwue's Distillery.
 28521 | Orc:2    | Demolished by an orc knight

Illustrated notes

Levels and vault maps discovered:
D:1:      dpeg_arrival_shrine, layout_loops_cross, minmay_misc_feat_iff,
          minmay_surrounded
D:2:      layout_loops_ring, shapermc_ecumenical_altar_pompeii,
          minmay_door_square, minmay_vboxes, uniq_crazy_yiuf_cottage
D:3:      layout_rooms, nicolae_uskayaw_murder_on_the_dancefloor,
          mainiacjoe_overflow_cross_hatched, hangedman_decor_points,
          minmay_misc_feat_diagonals
D:4:      layout_cave_pools, hangedman_glass_teeth
D:5:      layout_rooms, nicolae_qazlal_style_of_elements, lemuel_round_altar
D:6:      kennysheep_windowed_halls, layout_loops_ring,
          grunt_temple_overflow_gold_and_silver
D:7:      layout_basic, lemuel_round_altar, okawaru_altar_gauntlet_db,
          xom_shifter_show, minmay_temple_entry_proselytizer, uniq_duvessa
D:8:      layout_gridville, due_lair_maze_entry_diamond
D:9:      layout_grid_maze, nicolae_overflow_crystal_walls,
          amcnicky_altar_gilded, serial_co_window_serial,
          co_window_of_opportunity_a, co_window_paths_b, co_window_paths_b,
          co_window_paths_a, co_window_paths_a, co_window_2corner,
          co_window_of_opportunity_b, co_window_broadway_b, co_window_corner_cb,
          co_window_broadway_a, co_window_corner_b, co_window_broadway_c,
          co_window_4corner_b, co_window_paths_d, glass_columns_c,
          glass_columns_a, glass_columns_a, ebering_ghost_xom, enter_bailey_4,
          grunt_decor_one_mirror, uniq_maggie
D:10:     layout_long_grid, erik_orc_4, serial_undead, serial_undead_a,
          serial_undead_d, serial_undead_c, serial_undead_c, serial_shops,
          shop_statue, hangedman_stone_soup, bh_circular_ruins
D:11:     layout_roguey, trog_ov_bears_minmay
D:12:     layout_cave_pods, uniq_nessos
D:13:     layout_small_grid, grunt_vaults_entry_fortified
D:14:     layout_long_grid, chequers_serial_rivers_small_3, serial_park_tiny_2,
          minmay_the_grid_square_5x5_3x3_mashed
          [minmay_the_grid_square_5x5_slash, minmay_the_grid_square_5x5_shrine2,
          minmay_the_grid_square_5x5_bite,
          minmay_the_grid_square_5x5_almost_minimal,
          minmay_the_grid_square_5x5_megaprize_checkered,
          minmay_the_grid_square_5x5_minimal,
          minmay_the_grid_square_5x5_percent, minmay_the_grid_square_5x5_n,
          minmay_the_grid_square_5x5_checkered_statues], uniq_roxanne
D:15:     grunt_enter_depths_giant_problem, layout_stronghold,
          hangedman_decor_lopped, minmay_misc_feat_square
Temple:   minmay_temple_curvy_loop
Lair:1:   layout_regular_city, gammafunk_ghost_arena, grunt_megastairs_2,
          serial_bayou_shore_b
Lair:2:   layout_small_grid, spider_nest_entry_web_field, basic_altar
Lair:3:   layout_concentric_octagons, minmay_shoals_entry_hut
Lair:4:   layout_misc_corridors, minmay_lair_oklob_items,
          dreamdust_mushroom_princess, st_stairs_9, grunt_megastairs_5
Lair:5:   hangedman_lair_caniforms_friends, layout_gridlike,
          guppyfry_lair_end_dragon, slime_entry_1, grunt_megastairs_4
Orc:1:    layout_diamond_mine, nicolae_orc_stony_grotto,
          hellmonk_guarded_unrand_dark_maul
Orc:2:    st_orc_town, layout_caves, serial_shops, nicolae_square_shop,
          uniq_rupert

Skill      XL: |  1  2  3  4  5  6  7  8  9 10 11 12 13 14 15 16 |
---------------+-------------------------------------------------+-----
Fighting       | 1 2 3 4 5 6 9 10 12 13 15 16 18 | 18.3
Spellcasting   | 4 5 6 7 8 9 10 11 | 11.9
Maces & Flails | 1 2 3 4 5 6 7 |  7.0
Armour         | 1 2 3 4 6 8 9 |  9.9
Dodging        | 3 5 |  5.0
Invocations    | 3 6 7 9 10 | 10.0
Shields        | 6 |  6.4
Stealth        | |  1.5

Action                   |  1- 3 |  4- 6 |  7- 9 | 10-12 | 13-15 | 16-18 || total
-------------------------+-------+-------+-------+-------+-------+-------++-------
Melee: Unarmed           |     2 |       |       |       |       |       ||     2
       Dagger            |       |     1 |       |       |       |       ||     1
       Mace              |       |    56 |   119 |   224 |   513 |    82 ||   994
       Punch             |       |       |     1 |     3 |     2 |       ||     6
       Staff             |       |       |       |       |    14 |    85 ||    99
Throw: Boomerang         |       |     4 |     6 |     3 |     7 |       ||    20
       Dart              |       |       |       |       |       |     5 ||     5
 Cast: Freeze            |    33 |    14 |       |       |    13 |     3 ||    63
       Shock             |     9 |    38 |     1 |       |     1 |       ||    49
       Frozen Ramparts   |       |     1 |    14 |    36 |    76 |    40 ||   167
       Ozocubu's Armour  |       |     1 |    12 |    25 |    83 |    49 ||   170
       Searing Ray       |       |       |     7 |    10 |    31 |    29 ||    77
       Summon Lightning  |       |       |     4 |    13 |   107 |    80 ||   204
       Hailstorm         |       |       |       |     3 |    37 |     2 ||    42
       Petrify           |       |       |       |     3 |    16 |     2 ||    21
       Manifold Assault  |       |       |       |       |     9 |       ||     9
       Teleport Other    |       |       |       |       |       |     1 ||     1
       Death Channel     |       |       |       |       |       |     1 ||     1
Invok: Lesser Servant of |       |       |       |       |     3 |     4 ||     7
Evoke: Wand              |       |       |       |       |       |     2 ||     2
  Use: Scroll            |       |       |       |    12 |    17 |     2 ||    31
       Potion            |       |       |       |       |     2 |     4 ||     6
 Stab: Sleeping          |       |     5 |     4 |     5 |     5 |     1 ||    20
       Distracted        |       |       |       |     3 |     3 |     7 ||    13
       Petrified         |       |       |       |     7 |    29 |     7 ||    43
       Petrifying        |       |       |       |     2 |     1 |       ||     3
Armor: Robe              |     5 |    20 |    42 |       |       |       ||    67
       Troll leather arm |       |       |     1 |    55 |   193 |       ||   249
       Leather armour    |       |       |       |       |    50 |    55 ||   105
       Acid dragon scale |       |       |       |       |       |     9 ||     9
Dodge: Dodged            |    22 |    50 |   137 |   291 |   690 |   195 ||  1385
Block: Buckler           |       |       |       |       |   147 |    51 ||   198
